 Dungeon Crawl Stone Soup version 0.31-a0-845-g9abc20d24f (webtiles) character file.

Game seed: 16974741478854312620

938 Kurtz the Cleaver (level 8, -1/52 HPs)
             Began as an Octopode Fighter on Oct 1, 2023.
             Succumbed to a water moccasin's poison
             ... on level 4 of the Dungeon.
             The game lasted 00:03:09 (3727 turns).

Kurtz the Cleaver (Octopode Fighter)                Turns: 3727, Time: 00:03:10

Health: -1/52      AC:  1    Str: 16    XL:     8   Next: 12%
Magic:  8/8        EV: 13    Int: 10    God:
Gold:   177        SH:  4    Dex: 13    Spells: 7/7 levels left

rFire   . . .        C - +2 war axe (freeze)
rCold   . . .        b - +0 buckler
rNeg    . . .        (helmet restricted)
rPois   .            (no amulet)
rElec   .            (no ring)
rCorr   .            (no ring)
SInv    .            (no ring)
Will    .....        (no ring)
Stlth   ++           (no ring)
HPRegen 0.28/turn    (no ring)
MPRegen 0.11/turn    (no ring)
                     (no ring)

%: no passive effects
@: lethally poisoned (-1 -> -16), hasted, very quick
A: almost no armour, amphibious, 8 rings, camouflage 1, gelatinous body 1,
(nimble swimmer 1), tentacles
a: no special abilities


You were on level 4 of the Dungeon.
You visited 1 branch of the dungeon, and saw 5 of its levels.

You collected 177 gold pieces.

Inventory:

Hand Weapons
 a - a +0 war axe
 d - a +0 hand axe of flaming
 C - a +2 war axe of freezing (weapon)
Armour
 b - a +0 buckler (worn)
Wands
 w - a wand of flame (18)
 y - a wand of polymorph (10)
Scrolls
 e - a scroll of acquirement {unknown}
 g - a scroll of poison {unknown}
 h - a scroll of fog {unknown}
 i - a scroll of amnesia {unknown}
 j - a scroll of blinking {unknown}
 k - a scroll of enchant armour {unknown}
 m - 2 scrolls of noise {unknown}
 n - a scroll of immolation {unknown}
 p - 2 scrolls of teleportation {unknown}
 q - 2 scrolls of revelation {unknown}
 r - 3 scrolls of identify {unknown}
 u - a scroll of brand weapon {unknown}
 v - a scroll of vulnerability {unknown}
 z - a scroll of enchant weapon {unknown}
Potions
 c - a potion of might
 f - a potion of brilliance {unknown}
 l - a potion of haste
 o - 2 potions of degeneration {unknown}
 s - 2 potions of curing
 t - a potion of mutation {unknown}
 x - a potion of lignification {unknown}
 A - 2 potions of magic {unknown}
 B - a potion of heal wounds {unknown}
 D - a potion of attraction {unknown}


   Skills:
 - Level 3.0 Fighting
 * Level 9.3 Axes
 - Level 3.0 Dodging
 - Level 3.0 Shields


You had 7 spell levels left.
You didn't know any spells.
Your spell library contained the following spells:

 Spells                   Type           Power      Damage    Failure   Level
 Lesser Beckoning         Tloc           0%         N/A       58%         2
 Gell's Gravitas          Tloc           0%         N/A       82%         3
 Inner Flame              Hex/Fire       0%         N/A       82%         3
 Teleport Other           Tloc           0%         N/A       82%         3
 Flame Wave               Conj/Fire      0%         2d4       99%         4
 Sticky Flame             Conj/Fire      0%         2d3       99%         4


Dungeon Overview and Level Annotations

Branches:
Dungeon (5/15)
 Temple: D:4-7

Altars:
Xom

Annotations:
D:1 1 runed translucent door
D:4 Pikel
D:5 1 transporter, arglypuff's ghost, amateur DjHW


Innate Abilities, Weirdness & Mutations

You cannot wear most types of armour.
You are amphibious.
You can wear up to eight rings at the same time.
Your skin changes colour to match your surroundings (Stealth+).
Your rubbery body absorbs attacks. (AC +1, EV +1)
((You are camouflaged when in or above water. (Stealth+)))
You have tentacles for arms and can constrict up to eight enemies at once.


Message History

You kill the orc wizard!
An ogre comes into view. It is wielding a +0 giant club.
The gnoll hits you from afar with a +0 spear!
You see here a smoky grey potion.
The water moccasin attacks as it pursues you!
The water moccasin bites you.
You're too confused to move!
The water moccasin closely misses you. The gnoll closely misses you.
The orc hits you with a +0 short sword. The water moccasin bites you!
You are poisoned.
The water moccasin poisons you!
It was a potion of haste.
You feel yourself speed up.
You feel less confused.
You feel very sick. You block the gnoll's attack. The water moccasin bites you.
* * * LOW HITPOINT WARNING * * *
You are more poisoned.
The water moccasin poisons you! The orc hits you with a +0 short sword.
* * * LOW HITPOINT WARNING * * *
It was a potion of curing.
You feel better. The water moccasin closely misses you.
You block the gnoll's attack. The orc closely misses you.
The water moccasin attacks as it pursues you!
The water moccasin bites you!
* * * LOW HITPOINT WARNING * * *
You are lethally poisoned!
The water moccasin poisons you! The gnoll attacks as it pursues you!
The gnoll barely misses you. The orc hits you with a +0 short sword.
* * * LOW HITPOINT WARNING * * *
There is a stone staircase leading up here.
You feel better.
The ogre shouts!
The water moccasin closely misses you. The gnoll misses you.
The orc closely misses you. The water moccasin bites you!
* * * LOW HITPOINT WARNING * * *
You are lethally poisoned!
The water moccasin poisons you!
You climb upwards.
Level annotation: Pikel You die...

####..###
##.......################
##..................>.....
#.........................
##........................
###......................
####..............##...
#.o.................
#.[@................
#.S.................
#...$...............
..................<..
..>...................
........................
........................
#.......................
............


You could see a water moccasin and an orc.

Vanquished Creatures
  Sigmund (D:2)
  Menkaure (D:4)
  An ogre (D:4)
  A lemure (D:3)
  A bullfrog (D:5)
  4 crimson imps (D:5)
  A hound (D:4)
  An iguana (D:5)
  Terence (D:3)
  Natasha (thrice) (D:2)
  An orc wizard (D:5)
  Robin (D:2)
  3 adders
  6 gnolls
  A dart slug (D:4)
  11 orcs
  8 ball pythons
  3 bats
  9 endoplasms
  2 giant cockroaches (D:1)
  13 goblins (D:2)
  6 hobgoblins
  4 jackals (D:2)
  A quokka (D:4)
  2 frilled lizards
  7 kobolds
  21 rats
114 creatures vanquished.

Notes
Turn   | Place    | Note
-------+----------+-------------------------------------------
     0 | D:1      | Kurtz the Octopode Fighter began the quest for the Orb.
     0 | D:1      | Reached XP level 1. HP: 16/16 MP: 1/1
     1 | D:1      | Found a runed translucent door.
    22 | D:1      | Reached XP level 2. HP: 13/21 MP: 2/2
    80 | D:1      | Reached skill level 3 in Axes
   486 | D:1      | Reached XP level 3. HP: 26/26 MP: 3/3
   844 | D:2      | Identified the +4 robe of Noon {Rampage rF++}
   871 | D:2      | Noticed Robin
   874 | D:2      | Reached skill level 4 in Axes
   885 | D:2      | Reached XP level 4. HP: 12/30 MP: 4/4
   898 | D:2      | Killed Robin
  1112 | D:2      | Noticed Natasha
  1117 | D:2      | Killed Natasha
  1307 | D:2      | Noticed Sigmund
  1320 | D:2      | Reached skill level 5 in Axes
  1524 | D:2      | Killed Sigmund
  1525 | D:2      | Reached skill level 6 in Axes
  1525 | D:2      | Reached XP level 5. HP: 36/36 MP: 5/5
  1525 | D:2      | Reached XP level 6. HP: 42/42 MP: 6/6
  1557 | D:2      | Noticed Natasha
  1564 | D:2      | Killed Natasha
  1704 | D:3      | Noticed Terence
  1721 | D:2      | Noticed Natasha
  1814 | D:2      | Killed Natasha
  1848 | D:3      | Killed Terence
  1917 | D:2      | Reached skill level 7 in Axes
  2174 | D:3      | Found a faded altar of an unknown god.
  2642 | D:4      | Noticed Menkaure
  2648 | D:4      | Killed Menkaure
  2649 | D:4      | Reached XP level 7. HP: 18/46 MP: 7/7
  2844 | D:4      | Reached skill level 8 in Axes
  3046 | D:4      | Noticed Pikel
  3171 | D:5      | Entered Level 5 of the Dungeon
  3281 | D:5      | Found a shimmering altar of Xom.
  3373 | D:5      | Reached skill level 9 in Axes
  3386 | D:5      | Reached XP level 8. HP: 52/52 MP: 8/8
  3601 | D:5      | Noticed arglypuff's ghost (amateur DjHW)
  3601 | D:5      | Found a transporter.
  3724 | D:5      | HP: 1/52 [orc/+0 short sword (3)]
  3727 | D:4      | Succumbed to a water moccasin's poison

Illustrated notes

Levels and vault maps discovered:
D:1:      dpeg_arrival_caged_fury, layout_basic, minmay_tetromino_o2
D:2:      layout_basic, uniq_robin, uniq_natasha, uniq_sigmund
D:3:      layout_rooms, nicolae_ecumenical_lake_church, uniq_terence
D:4:      layout_cave_pods, minmay_rat_hole, uniq_menkaure, uniq_pikel
D:5:      layout_basic, led_xom_imps,
          chequers_temple_overflow_statue_of_worship, gammafunk_ghost_mausoleum,
          serial_shops, kennysheep_little_box

Skill      XL: |  1  2  3  4  5  6  7 |
---------------+----------------------+-----
Axes           | 3 4 6 7 9 |  9.3
Fighting       | |  3.0
Dodging        | |  3.0
Shields        | |  3.0

Action                     |  1- 3 |  4- 6 |  7- 9 || total
---------------------------+-------+-------+-------++-------
  Melee: Hand axe          |    53 |    98 |       ||   151
         Constrict         |    14 |    31 |    16 ||    61
         Tentacles         |    13 |    21 |     7 ||    41
         Punch             |       |     2 |       ||     2
         War axe           |       |     4 |    60 ||    64
    Use: Potion            |       |       |     3 ||     3
   Stab: Sleeping          |     6 |     2 |     1 ||     9
 Armour: Skin              |    20 |    43 |    39 ||   102
  Dodge: Dodged            |    28 |    41 |    43 ||   112
  Block: Buckler           |    13 |    22 |    10 ||    45

Table legend: (Time is in decaauts)
 A = Elapsed time spent in this place.
 B = Non-inter-level travel time spent in this place.
 C = Inter-level travel time spent in this place.
 D = Time resting spent in this place.
 E = Time spent auto-exploring this place.
 F = Levels seen in this place.
 G = Mean time per level.
                   A        B        C        D        E       F      G
               +--------+--------+--------+--------+--------+-----+--------+
         Total |   3762 |   3605 |    157 |    672 |   2249 |   5 |  752.4 |
       Dungeon |   3762 |   3605 |    157 |    672 |   2249 |   5 |  752.4 |
               +--------+--------+--------+--------+--------+-----+--------+

Top non-repeatable levels by time:
     D:2: 1249 daAuts
     D:4: 752 daAuts
     D:1: 733 daAuts
     D:3: 621 daAuts
     D:5: 405 daAuts
